 Dungeon Sprint DCSS version 0.29-a0-222-g5b244fca1f (webtiles) character file.

Game seed: 10169630679899861675

76 mhtbhm the Covered (level 4, 0/31 HPs)
             Began as a Gargoyle Fighter on Feb 27, 2022.
             Slain by a water elemental (15 damage)
             ... in the Dungeon (Sprint III: "The Ten Rune Challenge").
             The game lasted 00:00:38 (352 turns).

mhtbhm the Covered (Gargoyle Fighter)                Turns: 352, Time: 00:00:38

Health: 0/31       AC: 12    Str: 21    XL:     4   Next: 32%
Magic:  4/4        EV:  9    Int:  9    God:
Gold:   0          SH:  5    Dex:  9    Spells: 3/3 levels left

rFire   . . .      SeeInvis .   a - +0 flail
rCold   . . .      Faith    .   c - +0 buckler
rNeg    + . .      Spirit   .   b - +0 scale mail
rPois   ∞          Reflect  .   (no helmet)
rElec   +          Harm     .   k - +0 cloak
rCorr   .          Rampage  .   (no gloves)
Will    .....      NoTele   +   (no boots)
Stlth   ..........              (no amulet)
HPRegen 0.10/turn               (no ring)
MPRegen 0.09/turn               (no ring)

@: mighty
A: sickness immunity, AC +3, negative energy resistance 1, electricity
resistance, torment resistance 1, petrification resistance
a: no special abilities


You were in the Dungeon.
You visited 1 branch

Inventory:

Hand Weapons
 a - a +0 flail (weapon)
Armour
 b - a +0 scale mail (worn)
 c - a +0 buckler (worn)
 k - a +0 cloak (worn)
Scrolls
 j - a scroll of blinking
Potions
 d - a potion of might
 e - a potion of curing
 g - 2 potions of haste
 h - 2 potions of magic
 i - a potion of flight {unknown}


   Skills:
 + Level 5.6 Fighting
 + Level 3.4 Maces & Flails
 + Level 5.8 Armour
 + Level 0.8 Dodging
 + Level 5.7 Shields


You had 3 spell levels left.
You didn't know any spells.
Your spell library was empty.

Dungeon Overview and Level Annotations

Branches:
Dungeon (1/1)

Altars:


Innate Abilities, Weirdness & Mutations

You are immune to sickness and miasma.
Your stone body is resilient. (AC +3)
You are immune to poison.
You resist negative energy. (rN+)
You are resistant to electric shocks. (rElec)
You are resistant to unholy torment.
You are immune to petrification.


Message History

You feel clever.
Unknown command.
i - a smoky golden potion
Things that are here:
a +2 quarterstaff of chaos; a +0 cloak
k - a +0 cloak You start putting on your armour.
You continue putting on your +0 cloak. x4
You finish putting on your +0 cloak.
You enter the shallow water.
Moving in this stuff is going to be slow.
You open the door.
A water elemental comes into view.
The water elemental hits you.
The water elemental engulfs you in water!
There is an open door to the Ecumenical Temple here.
You barely miss the water elemental. The water elemental barely misses you.
The water elemental closely misses you.
You slip free of the water engulfing you.
The water engulfing you falls away.
You closely miss the water elemental. You block the water elemental's attack.
You completely miss the water elemental.
The water elemental hits you!
Ouch! That really hurt!
* * * LOW HITPOINT WARNING * * *
The water elemental engulfs you in water!
You sock the water elemental!
The water elemental is heavily damaged.
The water elemental hits you!
* * * LOW HITPOINT WARNING * * *
Unknown command.
You slip free of the water engulfing you.
The water engulfing you falls away.
You feel much better. The water elemental barely misses you.
You closely miss the water elemental.
The water elemental is heavily damaged.
The water elemental barely misses you. You block the water elemental's attack.
You closely miss the water elemental.
The water elemental is heavily damaged.
The water elemental hits you!
You die...

▓▓▓ ▓▓▓▓▓▓ ▓▓▓ <.#
+....♣♣♣ ♣.# ..# #......♣
♣♣.# #'####....♣.♣ ♣..#
..†..#....≈♣♣♣♣.@###+#+##
.....#...≈≈..♣♣♣E#.......
.....#).≈≈≈≈♣♣...'.⌠.....
####'#..≈≈≈≈≈≈.♣.#...####
...).#.≈≈≈≈≈≈....#.⌠.#
.....#.≈≈≈≈≈.....#...#
.....#.≈≈≈.......#+###
'#####...........#
.................#


You could see a water elemental.

Vanquished Creatures
  Crazy Yiuf (D)
  Jessica (D)
  A human (D)
  An endoplasm (D)
  2 rats (D)
6 creatures vanquished.

Vanquished Creatures (others)
  2 plants (D)
2 creatures vanquished.

Grand Total: 8 creatures vanquished

Notes
Turn   | Place    | Note
-------+----------+-------------------------------------------
     0 | D        | mhtbhm the Gargoyle Fighter began the quest for the Orb.
     0 | D        | Reached XP level 1. HP: 14/14 MP: 1/1
    43 | D        | Noticed Jessica
    48 | D        | Killed Jessica
    49 | D        | Reached XP level 2. HP: 18/20 MP: 2/2
    49 | D        | Reached XP level 3. HP: 23/25 MP: 3/3
   101 | D        | Reached skill level 5 in Fighting
   101 | D        | Reached skill level 5 in Armour
   101 | D        | Reached skill level 5 in Shields
   316 | D        | Noticed Crazy Yiuf
   321 | D        | Killed Crazy Yiuf
   322 | D        | Reached XP level 4. HP: 25/31 MP: 4/4
   342 | D        | Noticed a water elemental
   352 | D        | Slain by a water elemental

Illustrated notes

Levels and vault maps discovered:
D:        dungeon_sprint_mu [sprint_mu_entry_forest, sprint_mu_temple_rooms,
          sprint_mu_d1_spiders, sprint_mu_d2_genie, sprint_mu_d3_branching,
          sprint_mu_orc_legion, sprint_mu_elf_gauntlet, sprint_mu_hive_nellie,
          sprint_mu_lair_fedhas, sprint_mu_vaults_butterflies,
          sprint_mu_slime_circle, sprint_mu_swamp_cave, sprint_mu_shoals_kraken,
          sprint_mu_blade_basic, sprint_mu_crypt_lich, sprint_mu_tomb_spiral,
          sprint_mu_vestibule_basic, sprint_mu_gehenna_hellfire,
          sprint_mu_dis_giant, sprint_mu_tartarus_statrot,
          sprint_mu_cocytus_islands, sprint_mu_zot1]

Skill      XL: |  1  2  3 |
---------------+----------+-----
Fighting       | 4 5 |  5.6
Armour         | 4 5 |  5.8
Shields        | 4 5 |  5.7
Maces & Flails | 3 |  3.4
Dodging        | |  0.8

Action                   |  1- 3 |  4- 6 || total
-------------------------+-------+-------++-------
Melee: Flail             |    27 |     6 ||    33
  Use: Potion            |     2 |     1 ||     3
Armor: Scale mail        |    16 |       ||    16
Dodge: Dodged            |     4 |     4 ||     8
Block: Buckler           |     6 |     2 ||     8

Table legend: (Time is in decaauts)
 A = Elapsed time spent in this place.
 B = Non-inter-level travel time spent in this place.
 C = Inter-level travel time spent in this place.
 D = Time resting spent in this place.
 E = Time spent auto-exploring this place.
 F = Levels seen in this place.
 G = Mean time per level.
                   A        B        C        D        E       F      G
               +--------+--------+--------+--------+--------+-----+--------+
         Total |    368 |    368 |      0 |    256 |      1 |   1 |  368.0 |
       Dungeon |    368 |    368 |      0 |    256 |      1 |   1 |  368.0 |
               +--------+--------+--------+--------+--------+-----+--------+

Top non-repeatable levels by time:
       D: 368 daAuts
